 Dungeon Crawl Stone Soup version 0.28-a0-631-g0446da8ef9 (webtiles) character file.

Game seed: 10024893920522059778

92 vnklnlv the Vexing (level 4, -2/21 HPs)
             Began as a Spriggan Enchanter on Oct 10, 2021.
             Killed from afar by an orc wizard (6 damage)
             ... with a magic dart
             ... on level 3 of the Dungeon.
             The game lasted 00:04:52 (3002 turns).

vnklnlv the Vexing (Spriggan Enchanter)             Turns: 3002, Time: 00:04:53

Health: -2/21      AC:  2    Str:  5    XL:     4   Next: 35%
Magic:  5/11       EV: 17    Int: 16    God:
Gold:   78         SH:  0    Dex: 15    Spells: 3/11 levels left

rFire   . . .      SeeInvis +   a - +1 dagger
rCold   . . .      Faith    .   (shield restricted)
rNeg    . . .      Spirit   .   b - +0 robe
rPois   .          Reflect  .   (helmet restricted)
rElec   .          Harm     .   (no cloak)
rCorr   .          Rampage  .   (gloves unavailable)
Will    .....                   (boots unavailable)
Stlth   +++.......              (no amulet)
HPRegen 0.07/turn               (no ring)
MPRegen 0.12/turn               (no ring)

@: very quick
A: very small, no large weapons, unfitting armour, see invisible, speed 3
a: no special abilities


You were on level 3 of the Dungeon.
You visited 1 branch of the dungeon, and saw 3 of its levels.

You collected 78 gold pieces.

Inventory:

Hand Weapons
 a - a +1 dagger (weapon)
Missiles
 j - 11 poisoned darts (quivered)
Armour
 b - a +0 robe (worn)
Wands
 e - a wand of flame (1)
Scrolls
 k - 2 scrolls of fear
Potions
 c - a potion of invisibility
 d - a potion of lignification
 f - a potion of curing {unknown}
 g - a potion of might
 h - a potion of mutation {unknown}
 i - a potion of ambrosia {unknown}


   Skills:
 - Level 1.1 Short Blades
 - Level 2.6 Dodging
 - Level 4.4 Stealth
 + Level 4.4 Spellcasting
 + Level 5.1 Hexes


You had 3 spell levels left.
You knew the following spells:

 Your Spells              Type           Power      Damage    Failure   Level
a - Ensorcelled Hibernat  Hex/Ice        22%        N/A       9%          2
b - Tukima's Dance        Hex            20%        N/A       6%          3
c - Dazzling Flash        Conj/Hex       22%        N/A       17%         3

Your spell library contained the following spells:

 Spells                   Type           Power      Damage    Failure   Level
 Confusing Touch          Hex            20%        N/A       6%          3
 Pain                     Necr           12%        1d4       16%         1
 Agony                    Necr           3%         N/A       99%         5
 Excruciating Wounds      Necr           1%         N/A       99%         5


Dungeon Overview and Level Annotations

Branches:
Dungeon (3/15)

Altars:


Innate Abilities, Weirdness & Mutations

You are very small and have problems with some larger weapons.
You are too small for most types of armour.
You have supernaturally acute eyesight. (SInv)
You cover ground extremely quickly. (Speed+++)


Message History

You barely miss the hobgoblin. The hobgoblin hits you.
* * * LOW HITPOINT WARNING * * *
You hit the hobgoblin but do no damage.
The hobgoblin hits you but does no damage.
Unknown command.
Casting: Tukima's Dance (quite dangerous; 6% risk of failure)
Confirm with . or Enter, or press ? or * to list all spells.
Aiming: Ensorcelled Hibernation (safe; 9% risk of failure)
Press: ? - help, Shift-Dir - straight line, f - hobgoblin, p - gnoll
Aim: a hobgoblin (chance to affect: 60%)
The hobgoblin looks drowsy...
The helpless hobgoblin fails to defend itself.
You puncture the hobgoblin!
You kill the hobgoblin!
The gnoll hits you.
* * * LOW HITPOINT WARNING * * *
Unknown command.
Casting: Ensorcelled Hibernation (safe; 9% risk of failure)
Confirm with . or Enter, or press ? or * to list all spells.
Aiming: Ensorcelled Hibernation (safe; 9% risk of failure)
Press: ? - help, Shift-Dir - straight line, f - gnoll
Aim: a gnoll (heavily wounded, chance to affect: 50%)
The gnoll looks drowsy...
The gnoll shouts!
The gnoll misses you.
You barely miss the gnoll.
The gnoll is heavily wounded.
The gnoll completely misses you.
Found 3 scrolls labelled HUEKHL TUNY.
Unknown command.
Unknown command.
k - 3 scrolls labelled HUEKHL TUNY
As you read the scroll labelled HUEKHL TUNY, it crumbles to dust.
You assume a fearsome visage.
The gnoll looks frightened!
It was a scroll of fear.
Found 15 gold pieces.
Cornered, the gnoll turns to fight!
The orc wizard points at you and mumbles some strange words.
The magic dart hits you.
You die...

############
#..........#
#..........#
#..........#
#..........#..
#....o@.......
#..........#..
#############o#....###
......ggo.o...........
......#######.####....#
...##.# #g.. ....#
....#.# ##### .#..#
#...#o########## .#l$#
###.#..)o(oggo.#


You could see an orc wizard (invisible), a gnoll, an orc and a frilled lizard
(wandering).

Vanquished Creatures
  A gnoll (D:2)
  2 adders (D:2)
  3 dart slugs
  3 orcs
  4 ball pythons
  A bat zombie (D:1)
  7 endoplasms
  2 goblins (D:2)
  7 hobgoblins
  A ball python zombie (D:1)
  3 bats
  A frilled lizard (D:2)
  5 kobolds
  2 rats
42 creatures vanquished.

Vanquished Creatures (collateral kills)
  A gnoll (D:2)
1 creature vanquished.

Vanquished Creatures (others)
  A dancing weapon (D:3)
  An endoplasm (D:2)
2 creatures vanquished.

Grand Total: 45 creatures vanquished

Notes
Turn   | Place    | Note
-------+----------+-------------------------------------------
     0 | D:1      | vnklnlv the Spriggan Enchanter began the quest for the Orb.
     0 | D:1      | Reached XP level 1. HP: 9/9 MP: 5/5
   587 | D:1      | Reached skill level 4 in Hexes
   587 | D:1      | Reached XP level 2. HP: 8/13 MP: 7/7
   602 | D:1      | Learned a level 2 spell: Ensorcelled Hibernation
  1542 | D:2      | Reached XP level 3. HP: 16/16 MP: 6/9
  1546 | D:2      | Learned a level 3 spell: Tukima's Dance
  1550 | D:2      | Learned a level 3 spell: Dazzling Flash
  2346 | D:2      | Reached XP level 4. HP: 21/21 MP: 11/11
  2373 | D:2      | Reached skill level 5 in Hexes
  2408 | D:2      | Found a faded altar of an unknown god.
  3002 | D:3      | Killed from afar by an orc wizard

Illustrated notes

Levels and vault maps discovered:
D:1:      saegor_arrival_fortress, layout_basic, nrook_loot_triangle,
          minmay_misc_feat_square, chequers_mini_garden, solitary_fountain
D:2:      layout_loops_ring, ebering_ecumenical_altar_mist
D:3:      layout_basic, nicolae_gozag_cash_rules_everything_around_me,
          guppyfry_early_orc_mine

Skill      XL: |  1  2  3  4 |
---------------+-------------+-----
Spellcasting   | 3 4 |  4.4
Hexes          | 4 5 |  5.1
Short Blades   | |  1.1
Dodging        | |  2.6
Stealth        | |  4.4

Action                   |  1- 3 |  4- 6 || total
-------------------------+-------+-------++-------
Melee: Dagger            |   147 |    27 ||   174
Throw: Dart              |       |     7 ||     7
 Cast: Ensorcelled Hiber |    10 |     4 ||    14
       Tukima's Dance    |     2 |     1 ||     3
Evoke: Wand              |     3 |       ||     3
  Use: Scroll            |     4 |     1 ||     5
 Stab: Sleeping          |    10 |     6 ||    16
Armor: Robe              |    15 |     4 ||    19
Dodge: Dodged            |   131 |    24 ||   155

Table legend: (Time is in decaauts)
 A = Elapsed time spent in this place.
 B = Non-inter-level travel time spent in this place.
 C = Inter-level travel time spent in this place.
 D = Time resting spent in this place.
 E = Time spent auto-exploring this place.
 F = Levels seen in this place.
 G = Mean time per level.
                   A        B        C        D        E       F      G
               +--------+--------+--------+--------+--------+-----+--------+
         Total |   2475 |   2445 |     30 |    443 |   1579 |   3 |  825.0 |
       Dungeon |   2475 |   2445 |     30 |    443 |   1579 |   3 |  825.0 |
               +--------+--------+--------+--------+--------+-----+--------+

Top non-repeatable levels by time:
     D:1: 1142 daAuts
     D:2: 1103 daAuts
     D:3: 230 daAuts
